 Dungeon Crawl Stone Soup version 0.31.0-11-ge490571c62 (webtiles) character file.

Game seed: 2008790618942161490

56 SmokeWeed the Grave Robber (level 3, -1/25 HPs)
             Began as a Human Necromancer on Feb 2, 2024.
             Slain by a gnoll
             ... wielding a +0 flail
              (4 damage)
             ... on level 2 of the Dungeon.
             The game lasted 00:06:35 (1470 turns).

SmokeWeed the Grave Robber (Human Necromancer)      Turns: 1470, Time: 00:06:35

Health: -1/25      AC:  3    Str:  8    XL:     3   Next: 97%
Magic:  1/6        EV: 11    Int: 17    God:
Gold:   90         SH:  0    Dex: 13    Spells: 2/7 levels left

rFire   . . .        j - staff of conjuration
rCold   . . .        (no shield)
rNeg    . . .        n - +0 leather armour
rPois   .            (no helmet)
rElec   .            (no cloak)
rCorr   .            (no gloves)
SInv    .            (no boots)
Will    .....        (no amulet)
Stlth   ++           (no ring)
HPRegen 0.24/turn    (no ring)
MPRegen 0.10/turn

%: no passive effects
@: very slightly contaminated
A: explore regen
a: no special abilities


You were on level 2 of the Dungeon.
You visited 1 branch of the dungeon, and saw 2 of its levels.

You collected 90 gold pieces.

Inventory:

Hand Weapons
 g - a +0 club
 i - a +0 whip
Armour
 a - a +0 robe
 m - a +0 ring mail
 n - a +0 leather armour (worn)
Magical Staves
 j - a staff of conjuration (weapon)
Jewellery
 e - an amulet of guardian spirit
Talismans
 o - a maw talisman
Scrolls
 f - a scroll of vulnerability {unknown}
 l - a scroll of identify {unknown}
 q - a scroll of fear {unknown}
Potions
 b - a potion of magic
 c - 2 potions of lignification {unknown}
 d - a potion of heal wounds {unknown}
 h - 2 potions of curing {unknown}
 k - a potion of enlightenment {unknown}
 p - a potion of mutation {unknown}


   Skills:
 + Level 0.4 Fighting
 + Level 0.4 Staves
 + Level 0.2 Armour
 + Level 2.2 Dodging
 + Level 2.1 Stealth
 + Level 2.5 Spellcasting
 + Level 0.2 Summonings
 + Level 4.6 Necromancy


You had 2 spell levels left.
You knew the following spells:

 Your Spells              Type           Power      Damage    Failure   Level
a - Necrotise             Necr           72%        1d7       3%          1
b - Vampiric Draining     Necr           18%        2d7       12%         3
c - Summon Small Mammal   Summ           8%         N/A       24%         1

Your spell library contained the following spells:

 Spells                   Type           Power      Damage    Failure   Level
 Apportation              Tloc           4%         N/A       26%         1
 Slow                     Hex            8%         N/A       26%         1
 Sting                    Conj/Alch      12%        1d3       26%         1
 Animate Dead             Necr           18%        N/A       36%         4
 Confusing Touch          Hex            2%         N/A       61%         3
 Sigil of Binding         Hex            2%         N/A       61%         3
 Curse of Agony           Necr           18%        N/A       71%         5


Dungeon Overview and Level Annotations

Branches:
Dungeon (2/15)

Altars:


Innate Abilities, Weirdness & Mutations

You regain HP and MP as you explore.


Message History

The ball python attacks as it pursues you!
The ball python bites you but does no damage.
The ball python grabs you. The ball python constricts you.
You escape the ball python's grasp.
The ball python attacks as it pursues you!
The ball python barely misses you. x2
Aiming: Necrotise (safe; 3% risk of failure)
Press: ? - help, Q - select action, (/) - cycle Shift-Dir - straight line, f/p - ball python
Aim: a ball python (heavily wounded, chance to affect: 88%)
The ball python barely resists.
The ball python bites you but does no damage.
The ball python barely misses you.
You barely miss the ball python.
The ball python is heavily wounded.
The gnoll shouts!
The ball python bites you. The ball python grabs you.
The ball python constricts you.
You hit the ball python.
You kill the ball python!
The gnoll hits you from afar with a +0 spear.
The gnoll misses you. The gnoll closely misses you.
The gnoll attacks as it pursues you!
The gnoll hits you from afar with a +0 spear.
The gnoll attacks as it pursues you! The gnoll hits you with a +0 flail.
Aiming: Necrotise (safe; 3% risk of failure)
Press: ? - help, Q - select action, (/) - cycle Shift-Dir - straight line, f - gnoll
Aim: a gnoll, wielding a +0 flail (chance to affect: 83%)
The gnoll writhes in agony.
Casting: Necrotise (safe; 3% risk of failure)
Confirm with . or Enter, or press ? or * to list all spells.
Aiming: Vampiric Draining (quite dangerous; 12% risk of failure)
Press: ? - help, Shift-Dir - straight line, f/p - gnoll
Aim: a gnoll, wielding a +0 flail (heavily wounded)
You miscast Vampiric Draining.
You are very lightly contaminated with residual magic.
Nothing appears to happen.
The gnoll hits you from afar with a +0 spear!
* * * LOW HITPOINT WARNING * * *
The gnoll hits you with a +0 flail.
You die...

#.# #.# ######
#.#######......
#.............#
#..............
##########:.............
....................(..#
########.####..>.......#
##########♣♣....@g.....#
......###♣♣............#
#####.##≈♣......g......#
# #≈≈...###g#######
#####..#≈♣...###†#######
.......##♣♣.............
####### ♣♣......######
##.....# #)....#####


You could see 3 gnolls.

Vanquished Creatures
  A gnoll (D:1)
  An adder (D:2)
  An endoplasm (D:1)
  2 giant cockroaches (D:2)
  2 goblins (D:1)
  3 hobgoblins
  3 jackals (D:1)
  4 kobolds
  4 quokkas (D:1)
  2 ball pythons
  2 bats
  A frilled lizard (D:2)
  2 rats
28 creatures vanquished.

Vanquished Creatures (collateral kills)
  A goblin (D:2)
  A jackal (D:1)
  2 frilled lizards
  A rat (D:2)
5 creatures vanquished.

Grand Total: 33 creatures vanquished

Notes
Turn   | Place    | Note
-------+----------+-------------------------------------------
     0 | D:1      | SmokeWeed the Human Necromancer began the quest for the
                  | Orb.
     0 | D:1      | Reached XP level 1. HP: 13/13 MP: 3/3
   215 | D:1      | Reached XP level 2. HP: 19/19 MP: 0/5
   724 | D:1      | Reached XP level 3. HP: 19/24 MP: 2/6
   977 | D:1      | Learned a level 3 spell: Vampiric Draining
  1119 | D:2      | Learned a level 1 spell: Summon Small Mammal
  1470 | D:2      | Slain by a gnoll

Illustrated notes

Levels and vault maps discovered:
D:1:      dpeg_arrival_rooms_c, layout_loops_cross, hex_large
D:2:      layout_basic, kennysheep_nub, minmay_pentomino_x4, uniq_jessica

Action                     || total
---------------------------++-------
  Melee: Unarmed           ||     2
         Club              ||     8
         Staff             ||    53
         Whip              ||     5
   Cast: Necrotise         ||    38
         Summon Small Mamm ||     4
   Stab: Sleeping          ||     1
 Armour: Robe              ||    27
         Leather armour    ||    59
  Dodge: Dodged            ||    77
         Form:             ||     1
         Maw               ||     1
